 Dungeon Crawl Stone Soup version 0.28.0-49-g6dfe1f597d (webtiles) character file.

Game seed: 433903894237304066

14852 greasedhog the Impaler (level 12, -8/91 HPs)
             Began as a Formicid Abyssal Knight on May 17, 2022.
             Was a Believer of Lugonu.
             Mangled by a large slime creature (29 damage)
             ... on level 13 of the Dungeon on May 18, 2022.
             The game lasted 00:31:30 (17152 turns).

greasedhog the Impaler (Formicid Abyssal Knight)   Turns: 17152, Time: 00:31:31

Health: -8/91      AC: 16    Str: 22    XL:     12   Next: 50%
Magic:  19/19      EV: 10    Int: 11    God:    Lugonu [**....]
Gold:   666        SH:  0    Dex: 11    Spells: 11/11 levels left

rFire   . . .      SeeInvis +   a - +1 halberd (freeze)
rCold   + . .      Faith    .   (no shield)
rNeg    . . .      Spirit   .   A - +0 plate armour
rPois   .          Reflect  .   (helmet unavailable)
rElec   .          Harm     .   m - +0 cloak
rCorr   .          Rampage  .   n - +0 pair of gloves
Will    +....                   F - +0 pair of boots
Stlth   ..........              (no amulet)
HPRegen 0.25/turn               D - ring of protection from cold
MPRegen 0.16/turn               j - +4 ring of evasion

@: no status effects
A: permanent stasis, dig shafts and tunnels, antennae 3, four strong arms
a: Dig, Shaft Self, Renounce Religion, Depart the Abyss, Bend Space


You were on level 13 of the Dungeon.
You worshipped Lugonu.
Lugonu was pleased with you.
You visited 2 branches of the dungeon, and saw 16 of its levels.
You visited the Abyss 1 time.

You collected 666 gold pieces.

Inventory:

Hand Weapons
 a - a +1 halberd of freezing (weapon)
 b - the +7 quarterstaff "Cetehaim" {flame, rN+ Will+}
   (You found it on level 9 of the Dungeon)

   It burns those it strikes, dealing additional fire damage.
   rN:        It protects you from negative energy.
   Will:      It increases your willpower.
Armour
 l - a +0 pair of boots
 m - a +0 cloak (worn)
 n - a +0 pair of gloves (worn)
 A - a +0 plate armour (worn)
 B - +0 steam dragon scales
 F - a +0 pair of boots (worn)
Jewellery
 e - a ring of resist corrosion
 j - a +4 ring of evasion (right hand)
 D - a ring of protection from cold (left hand)
 H - a ring of protection from fire
 I - a ring of protection from cold
Wands
 i - a wand of iceblast (2)
 u - a wand of flame (47)
Scrolls
 c - 3 scrolls of enchant weapon
 g - 2 scrolls of enchant armour {unknown}
 h - a scroll of fear {unknown}
 k - 3 scrolls of immolation
 q - a scroll of holy word {unknown}
 r - 2 scrolls of fog {unknown}
 s - a scroll of torment {unknown}
 w - 2 scrolls of amnesia
 y - 3 scrolls of magic mapping
 z - a scroll of summoning {unknown}
 G - a scroll of vulnerability
 J - a scroll of silence {unknown}
Potions
 d - 3 potions of heal wounds
 f - 2 potions of brilliance
 o - 6 potions of curing
 p - a potion of haste {unknown}
 t - a potion of berserk rage {unknown}
 v - a potion of ambrosia {unknown}
 x - a potion of mutation {unknown}
 C - a potion of resistance {unknown}
 E - a potion of flight {unknown}
 K - a potion of lignification


   Skills:
 * Level 7.4 Fighting
 - Level 16.0 Polearms
 * Level 5.1 Armour
 - Level 0.8 Dodging
 - Level 10.1 Invocations


You had 11 spell levels left.
You didn't know any spells.
Your spell library contained the following spells:

 Spells                   Type           Power      Damage    Failure   Level
 Passwall                 Tmut/Erth      0%         N/A       100%        2
 Poisonous Vapours        Pois/Air       0%         N/A       100%        2
 Call Canine Familiar     Summ           0%         N/A       100%        3
 Portal Projectile        Hex/Tloc       0%         N/A       100%        3
 Leda's Liquefaction      Hex/Erth       0%         N/A       100%        4
 Silence                  Hex/Air        0%         N/A       100%        5
 Shatter                  Erth           0%         3d5*      100%        9


Dungeon Overview and Level Annotations

Branches:
Dungeon (15/15)            Temple (1/1) D:7            Lair (0/6) D:10
    Orc (0/2) D:11         Vaults (0/5) D:14
 Depths: D:15

Altars:
Ashenzari
Cheibriados
Dithmenos
Elyvilon
Fedhas
Gozag
Hepliaklqana
Kikubaaqudgha
Makhleb
Nemelex Xobeh
Okawaru
Qazlal
Ru
Sif Muna
Trog
Uskayaw
Vehumet
Wu Jian
Xom
Yredelemnul
Zin
The Shining One

Shops:
D:9 =

Annotations:
D:9 1 runed translucent door
D:12 1 transporter
D:14 Nessos, Urug
Abyss:1 Erica


Innate Abilities, Weirdness & Mutations

You cannot be hasted, slowed, berserked, paralysed or teleported.
You can dig through walls and to a lower floor.
You have a pair of large antennae on your head. (SInv)
Your four strong arms can wield two-handed weapons with a shield.


Message History

You kill the slime creature!
Lugonu accepts your kill.
Reach: a) +1 halberd (freeze)
Press: ? - help, Dir - move target, f - large slime creature
Aim: a large slime creature (about 16% to evade your +1 halberd of freezing)
You reach to attack!
You hit the large slime creature. You freeze the large slime creature.
The large slime creature is lightly wounded.
Reach: a) +1 halberd (freeze)
Press: ? - help, Dir - move target, f/p - large slime creature
Aim: a large slime creature (lightly wounded, about 16% to evade your +1 halberd of freezing)
You slice the large slime creature!! You freeze the large slime creature.
The large slime creature is moderately wounded.
The large slime creature barely misses you.
You hit the large slime creature. You freeze the large slime creature.
The large slime creature is moderately wounded.
The large slime creature barely misses you.
You hit the large slime creature but do no damage.
The large slime creature is moderately wounded.
You hit the large slime creature but do no damage.
The large slime creature is moderately wounded.
The large slime creature hits you!!
You puncture the large slime creature! You freeze the large slime creature.
The large slime creature is moderately wounded.
The large slime creature hits you!!
You slice the large slime creature!! You freeze the large slime creature!
The large slime creature is heavily wounded.
You puncture the large slime creature! You freeze the large slime creature.
The large slime creature is severely wounded.
The large slime creature closely misses you.
You hit the large slime creature. You freeze the large slime creature.
The large slime creature is severely wounded.
The large slime creature hits you!
* * * LOW HITPOINT WARNING * * *
You hit the large slime creature. You freeze the large slime creature.
The large slime creature is severely wounded.
You puncture the large slime creature! You freeze the large slime creature.
The large slime creature is almost dead.
The large slime creature hits you!!
You die...

#..#
#.##
#(#
#.#
#.#
#.#
#.#
#.#
#@#
#J#
#.#
#.#
#.#
#.#
..#
###


You could see a large slime creature.

Vanquished Creatures
  2 boulder beetles
  A centaur warrior (D:15)
  A two-headed ogre (D:11)
  2 slime creatures (D:13)
  A skeletal warrior (D:12)
  A gargoyle (D:10)
  2 unseen horrors (D:11)
  Sigmund (D:3)
  2 wraiths
  A wyvern (D:9)
  A human (D:13)
  Grum (D:10)
  5 yaks (D:10)
  A steam dragon (D:8)
  4 vampire mosquitoes (D:12)
  Edmund (D:6)
  A water moccasin (D:7)
  2 orc warriors
  A necrophage (D:4)
  2 black bears
  A sky beast (D:8)
  2 ogres
  4 centaurs
  2 wolves (D:10)
  4 kobold brigands
  3 bullfrogs
  2 gnoll sergeants (D:9)
  A scorpion (D:4)
  A water moccasin zombie (D:6)
  4 howler monkeys
  5 centaur zombies (D:10)
  5 hounds
  A jelly (D:5)
  2 centaur skeletons
  3 orc priests
  Crazy Yiuf (D:2)
  6 orc wizards
  2 iguanas
  A howler monkey zombie (D:10)
  7 adders
  13 gnolls
  4 white imps
  An adder zombie (D:5)
  A worm (D:3)
  6 dart slugs
  28 orcs
  2 endoplasms
  4 giant cockroaches
  5 goblins
  4 hobgoblins
  5 quokkas
  5 ball pythons
  7 bats
  31 kobolds
  3 rats
209 creatures vanquished.

Vanquished Creatures (others)
  11 plants
11 creatures vanquished.

Grand Total: 220 creatures vanquished

Notes
Turn   | Place    | Note
-------+----------+-------------------------------------------
     0 | Abyss:1  | greasedhog the Formicid Abyssal Knight began the quest for
                  | the Orb.
     0 | Abyss:1  | Reached XP level 1. HP: 18/18 MP: 2/2
    16 | D:1      | Escaped the Abyss
   234 | D:1      | Reached XP level 2. HP: 16/24 MP: 3/3
   385 | D:1      | Reached skill level 3 in Polearms
   453 | D:1      | Found a faded altar of an unknown god.
   520 | D:1      | Reached XP level 3. HP: 29/29 MP: 4/4
  1064 | D:2      | Reached skill level 4 in Polearms
  1064 | D:2      | Reached XP level 4. HP: 27/35 MP: 5/5
  1484 | D:2      | Reached ** piety under Lugonu
  1588 | D:2      | Reached XP level 5. HP: 31/41 MP: 6/6
  1911 | D:2      | Reached skill level 5 in Polearms
  1968 | D:2      | Found a runed translucent door.
  1969 | D:2      | Noticed Crazy Yiuf
  2370 | D:2      | Killed Crazy Yiuf
  2708 | D:3      | Noticed Sigmund
  2727 | D:3      | Killed Sigmund
  2728 | D:3      | Reached skill level 6 in Polearms
  2728 | D:3      | Reached XP level 6. HP: 7/47 MP: 7/7
  3046 | D:3      | Got Apinaus's Collected Works on the Aerial Mountains
  3418 | D:4      | You fall into a shaft and drop 3 floors!
  3453 | D:7      | Reached skill level 7 in Polearms
  3453 | D:7      | Reached XP level 7. HP: 43/52 MP: 8/8
  3482 | D:7      | Found a staircase to the Ecumenical Temple.
  3490 | Temple   | Entered the Ecumenical Temple
  4398 | D:7      | Noticed a water moccasin
  4409 | D:7      | Killed a water moccasin
  4410 | D:7      | Reached skill level 8 in Polearms
  4855 | D:6      | Reached XP level 8. HP: 50/58 MP: 9/9
  5121 | D:6      | Reached skill level 9 in Polearms
  5347 | D:6      | Noticed Edmund
  5353 | D:6      | Killed Edmund
  5370 | D:5      | Entered Level 5 of the Dungeon
  5657 | D:5      | Reached skill level 10 in Polearms
  6761 | D:4      | Reached XP level 9. HP: 57/64 MP: 10/10
  6971 | D:5      | Reached *** piety under Lugonu
  7150 | D:5      | Reached skill level 11 in Polearms
  8325 | D:8      | Noticed Erica
  8335 | D:8      | You fall into a shaft and drop 1 floor!
  8653 | D:9      | Found Coraegy's Jewellery Emporium.
  8762 | D:9      | Reached skill level 12 in Polearms
  8858 | D:9      | Identified the +7 quarterstaff "Cetehaim" {flame, rN+
                  | Will+}
  8982 | D:9      | Found a runed translucent door.
  8988 | D:9      | Noticed a boulder beetle
  9816 | D:8      | Found a burning altar of Makhleb.
  9821 | D:8      | Banished Erica
  9822 | D:8      | Reached skill level 13 in Polearms
  9822 | D:8      | Reached XP level 10. HP: 58/70 MP: 6/13
 10292 | D:8      | Reached **** piety under Lugonu
 10621 | D:10     | Entered Level 10 of the Dungeon
 10705 | D:10     | Found a staircase to the Lair.
 10917 | D:10     | Noticed a cyclops
 10919 | D:10     | Banished a cyclops
 10920 | D:10     | Reached skill level 14 in Polearms
 11032 | D:10     | Reached skill level 5 in Invocations
 11425 | D:10     | Reached XP level 11. HP: 73/75 MP: 13/15
 11501 | D:10     | Reached skill level 15 in Polearms
 11663 | D:10     | Noticed Grum
 11695 | D:10     | Killed Grum
 12847 | D:11     | Noticed a cyclops
 12860 | D:11     | Banished a cyclops
 12861 | D:11     | Reached skill level 16 in Polearms
 13069 | D:11     | Noticed a purple ugly thing
 13070 | D:11     | Banished a purple ugly thing
 13456 | D:11     | Noticed a two-headed ogre
 13461 | D:11     | Killed a two-headed ogre
 13677 | D:11     | Found a staircase to the Orcish Mines.
 13890 | D:11     | Noticed a death knight
 13893 | D:11     | Banished a death knight
 13894 | D:11     | Reached skill level 5 in Fighting
 13984 | D:12     | Noticed a skeletal warrior
 14112 | D:12     | Noticed a skeletal warrior
 14190 | D:12     | Noticed a skeletal warrior
 14212 | D:12     | Banished a skeletal warrior
 14516 | D:12     | Banished a skeletal warrior
 14761 | D:12     | Noticed a cyclops
 14762 | D:12     | Banished a cyclops
 14763 | D:12     | Reached XP level 12. HP: 87/87 MP: 13/18
 14801 | D:12     | Found a transporter.
 14801 | D:12     | Noticed a boulder beetle
 14832 | D:12     | Killed a boulder beetle
 14994 | D:12     | Killed a skeletal warrior
 14995 | D:12     | Reached skill level 10 in Invocations
 15285 | D:12     | Noticed a skeletal warrior
 15992 | D:12     | You fall into a shaft and drop 3 floors!
 15992 | D:15     | Entered Level 15 of the Dungeon
 16175 | D:15     | Noticed a centaur warrior
 16191 | D:15     | Killed a centaur warrior
 16488 | D:14     | Noticed Urug
 16488 | D:14     | Noticed a two-headed ogre
 16488 | D:14     | Noticed Nessos
 16488 | D:14     | Found a gate to the Vaults.
 16798 | D:13     | Noticed a boulder beetle
 16820 | D:13     | Killed a boulder beetle
 16971 | D:13     | Reached skill level 5 in Armour
 17152 | D:13     | Mangled by a large slime creature

Illustrated notes

Levels and vault maps discovered:
D:1:      mrwooster_arrival_statue, layout_rooms, serial_forest,
          infiniplex_forest_end_1, infiniplex_forest_lined_1,
          infiniplex_forest_straight_2, infiniplex_forest_straight_2,
          infiniplex_forest_lined_3_way, infiniplex_forest_end_2,
          shapermc_ecumenical_altar_mp_ritualfount, solitary_fountain
D:2:      layout_basic, uniq_crazy_yiuf_cottage
D:3:      layout_rooms, amethyst_killhole, uniq_sigmund
D:4:      cheibrodos_old_hovel, layout_loops_ring
D:5:      layout_basic, minmay_liquid_box
D:6:      layout_loops_ring, uniq_edmund
D:7:      wander_river, layout_loops_ring, temple_green, kennysheep_nub,
          minivault_11
D:8:      layout_loops_ring, mainiacjoe_overflow_small_starburst,
          kennysheep_generic_room_5, uniq_erica
D:9:      layout_roguey, minmay_shop_enchanted_jewellery, serial_bayou_pond_c,
          minmay_st_funbox, dk_noncrumbling_3
D:10:     layout_stronghold, lair_entry_dummy, uniq_grum
D:11:     layout_layer_cave, orc_0_dummy
D:12:     layout_cave_pools, gammafunk_ghost_hive
D:13:     cheibrodos_magma_flow, layout_loops_ring, minmay_joined_circles,
          uniq_sonja
D:14:     layout_basic, david_vaults_3, infiniplex_staircase_pillars_2,
          nemelex_spade_bored_becter, uniq_snorg, uniq_nessos
D:15:     gammafunk_depths_entry_grave, layout_gridville, nrook_mini_vaults,
          chequers_decorated_corner, chei_slow_surprise
Temple:   mainiacjoe_temple_starburst

Skill      XL: |  1  2  3  4  5  6  7  8  9 10 11 12 |
---------------+-------------------------------------+-----
Polearms       | 3 4 6 7 8 10 13 14 16 | 16.0
Invocations    | 4 5 9 10 | 10.1
Fighting       | 5 7 |  7.4
Armour         | 5 |  5.1
Dodging        | |  0.8

Action                   |  1- 3 |  4- 6 |  7- 9 | 10-12 || total
-------------------------+-------+-------+-------+-------++-------
Melee: Spear             |    75 |    67 |     4 |       ||   146
       Punch             |     2 |     1 |     3 |     7 ||    13
       Quarterstaff      |       |    58 |    48 |       ||   106
       Halberd           |       |       |   279 |   337 ||   616
Invok: Bend Space        |       |       |     2 |       ||     2
       Banish            |       |       |     1 |    10 ||    11
 Abil: Shaft Self        |       |       |     1 |     1 ||     2
       Dig               |       |       |       |     1 ||     1
  Use: Scroll            |     1 |     2 |     4 |     5 ||    12
       Potion            |       |     2 |     1 |     1 ||     4
Armor: Leather armour    |    13 |    26 |       |       ||    39
       Ring mail         |       |     2 |    19 |       ||    21
       Chain mail        |       |       |    66 |       ||    66
       Scale mail        |       |       |     8 |       ||     8
       Plate armour      |       |       |    13 |   142 ||   155
Dodge: Dodged            |    35 |    69 |   173 |   106 ||   383
